Map: 로스트 앤 파운드 - 래더

Players

Zest - Winner!

  • Race: Protoss Protoss
  • League: Master
  • Spawn Location: 1:00

MMA

  • Race: Terran Terran
  • Spawn Location: 7:00

Event: HomeStory Cup XVII

VOD

Have the link to the VOD?

Description

Time

  • Played on: June 30, 2018, 6:16 a.m.
  • Length: 6:26

All games in this series

Show
View Real Time Build Order
Export as new Build Order

Zest Protoss - Winner!

Build Orders: 1 Gate Expand, Oracle Opening 

Get SALT Encoding   

  12  0:00  Probe  
  13  0:13  Probe  
  14  0:17  Pylon  
  14  0:23  Probe  
  15  0:32  Probe  
  15  0:37  Gateway  
  15  0:40  Probe  
  16  0:46  Assimilator  
  17  0:51  Probe  
  18  1:03  Probe  
  19  1:15  Probe  
  20  1:23  Nexus  
  20  1:35  Cybernetics Core  
  20  1:37  Probe  
  21  1:43  Assimilator  
  21  1:49  Probe  
  21  1:52  Pylon  
  22  2:01  Adept, Probe  
  23  2:14  Stargate  
  25  2:16  Probe  
  25  2:20  Adept  
  26  2:23  Warp Gate  
  28  2:31  Probe  
  29  2:37  Probe  
  29  2:43  Probe  
  31  2:48  Oracle  
  31  2:49  Probe  
  31  2:55  Probe  
  35  3:02  Adept, Probe  
  38  3:07  Probe, Pylon  
  39  3:14  Probe  
  41  3:20  Probe  
  41  3:25  Oracle  
  41  3:27  Probe  
  41  3:32  Probe  
  43  3:39  Probe  
  47  3:43  Gateway  
  47  3:44  Gateway, Probe  
  47  3:48  Pylon  
  48  3:53  Oracle  
  47  3:56  Probe  
  51  4:05  Probe, Pylon  
  51  4:08  Probe  
  52  4:17  Probe  
  52  4:20  Probe, Pylon  
  52  4:21  Assimilator  
  52  4:23  Oracle  
  54  4:25  Assimilator  
  54  4:29  Probe  
  55  4:32  Probe  
  59  4:39  Adept x3  
  59  4:42  Probe  
  66  4:45  Pylon  
  66  4:46  Pylon  
  66  5:01  Stalker x3  
  66  5:05  Phoenix  
  74  5:16  Nexus  
  74  5:19  Pylon  
  74  5:24  Probe  
  74  5:25  Probe, Twilight Council  
  76  5:30  Forge  
  76  5:37  Probe x2  
  78  5:48  Shield Battery  
  78  5:49  Probe x2  
  80  5:50  Robotics Facility  
  80  6:01  Probe x2  
  78  6:13  Probe x2  
  78  6:22  Stalker x3  
Show
View Real Time Build Order
Export as new Build Order

MMA Terran 

Build Orders: Gas First Reaper Expand, Reaper Expand 

Get SALT Encoding   

  12  0:00  SCV  
  13  0:12  SCV  
  14  0:16  Supply Depot  
  14  0:25  SCV  
  14  0:27  Refinery  
  15  0:38  SCV  
  16  0:43  Barracks  
  16  0:50  SCV  
  17  1:02  SCV  
  18  1:14  SCV  
  19  1:30  Orbital Command, Reaper  
  20  1:46  Command Center  
  20  1:57  SCV  
  20  1:59  Factory  
  21  2:04  Barracks Reactor  
  21  2:06  Refinery  
  21  2:09  SCV  
  22  2:17  Supply Depot  
  22  2:21  SCV  
  23  2:39  SCV  
  23  2:42  Marine  
  23  2:43  Marine  
  23  2:44  Widow Mine  
  28  2:49  Starport  
  28  2:51  SCV  
  28  3:00  Marine x2  
  28  3:03  SCV  
  28  3:04  Orbital Command  
  31  3:07  Factory Tech Lab  
  31  3:16  SCV  
  31  3:18  Marine x2  
  34  3:26  Siege Tank  
  37  3:34  Viking  
  37  3:37  SCV  
  37  3:38  SCV  
  39  3:41  Marine x2  
  39  3:45  Supply Depot  
  41  3:50  SCV x2  
  42  3:59  Marine x2  
  42  4:01  Widow Mine  
  46  4:05  Supply Depot  
  46  4:07  SCV x2  
  46  4:08  Medivac  
  50  4:17  Marine x2  
  50  4:19  SCV x2  
  54  4:31  SCV x2  
  55  4:34  Marine  
  55  4:35  Marine  
  55  4:36  Command Center  
  57  4:45  Siege Tank  
  60  4:46  SCV  
  60  4:50  SCV  
  62  4:58  Marine x2  
  58  5:00  SCV  
  58  5:02  SCV  
  58  5:06  Medivac, Bunker  
  53  5:16  Marine x2, SCV x2  
  57  5:23  Widow Mine  
  59  5:28  SCV x2  
  59  5:34  Marine  
  62  5:37  Supply Depot  
  62  5:40  Marine, SCV  
  62  5:42  Barracks x2  
  62  5:48  Siege Tank, SCV  
  62  5:49  Orbital Command  
  66  5:51  Marine  
  67  5:58  Marine  
  67  5:59  SCV  
  67  6:00  SCV  
  68  6:11  SCV  
  52  6:12  SCV  
Tags
 
Add a new tag
Caveats
  • Supply blocks, unpowered buildings, or Contaminate may cause inaccurate times.
  • Supply counts are checked every 10 seconds.